[Event "Titled Tuesday Blitz August 16 Early 2022"]
[White "Munkhgal, Gombosuren"]
[Black "Andreikin, Dmitry"]
[WhiteFideId "4901266"]
[BlackFideId "4158814"]
[WhiteElo "2576"]
[BlackElo "2736"]
[Result "0-1"]
[Round "04"]
[TimeControl "180+1"]
[Date "2022.08.16"]
[WhiteClock "0:00:03"]
[BlackClock "0:01:18"]

1. d4 Nf6 2. Bf4 g6 3. Nc3 Bg7 4. e4 d6 5. Qd2 c6 6. O-O-O b5 7. e5 b4 8. exf6 bxc3 9. Qxc3 Bxf6 10. Bh6 Qb6 11. Nf3 Bg4 12. Be2 Nd7 13. h3 Be6 14. Bc4 Bd5 15. Rhe1 e6 16. g4 Rb8 17. Bxd5 cxd5 18. g5 Be7 19. Re3 Qa6 20. a3 Rc8 21. Qb3 Nb6 22. Rc3 Kd7 23. Rxc8 Rxc8 24. Rd3 Na4 25. Qb4 Rc4 26. Qb3 Rc6 27. Rd2 Rb6 28. Qd3 Qa5 29. c3 Rb3 30. Rc2 Qb6 31. Nd2 Rxb2 32. Kd1 Qc6 33. Ke2 Rxc2 34. Qxc2 Nxc3+ 35. Kd3 Ne4 36. Qxc6+ Kxc6 37. Nxe4 dxe4+ 38. Kxe4 d5+ 39. Kd3 Bxa3 40. Bg7 Be7 41. h4 a5 42. Be5 a4 43. Kc3 Kb5 44. Bg7 Bb4+ 45. Kd3 a3 46. Kc2 Kc4 47. f4 Bc3 0-1


[Site "https://www.chess.com"]

[Event "Titled Tuesday Blitz August 16 Early 2022"]
[White "Nakamura, Hikaru"]
[Black "Hess, Robert"]
[WhiteFideId "2016192"]
[BlackFideId "2022036"]
[WhiteElo "2850"]
[BlackElo "2557"]
[Result "1-0"]
[Round "04"]
[TimeControl "180+1"]
[Date "2022.08.16"]
[WhiteClock "0:00:34"]
[BlackClock "0:00:01"]

1. g3 Nf6 2. Bg2 d5 3. d3 c6 4. Nd2 g6 5. e4 Bg7 6. Ngf3 O-O 7. O-O dxe4 8. dxe4 Na6 9. Qe2 Nc5 10. Rd1 Qc7 11. e5 Nd5 12. a3 Bf5 13. c4 Bd3 14. Qe1 Nb6 15. Qe3 Bc2 16. Rf1 Ne6 17. Ne1 Bf5 18. f4 Rad8 19. b3 f6 20. Ndf3 Nd7 21. exf6 Bxf6 22. Ra2 Qb6 23. Qxb6 axb6 24. b4 Nd4 25. Be3 Nxf3+ 26. Nxf3 Bd3 27. Rc1 b5 28. cxb5 Bxb5 29. Nd4 Ba6 30. Ne6 Rde8 31. Nxf8 Nxf8 32. a4 e5 33. b5 cxb5 34. axb5 Bxb5 35. Bxb7 exf4 36. Bxf4 Bd4+ 37. Kg2 Ne6 38. Bd5 Kh8 39. Bh6 Nc5 40. Ra8 Rxa8 41. Bxa8 Kg8 42. Bd5+ 1-0


[Site "https://www.chess.com"]

[Event "Titled Tuesday Blitz August 16 Early 2022"]
[White "Namitbir Singh Walia"]
[Black "Tarasova, Viktoriya"]
[WhiteFideId "35071068"]
[BlackFideId "4175840"]
[WhiteElo "1664"]
[BlackElo "2182"]
[Result "1-0"]
[Round "04"]
[TimeControl "180+2"]
[Date "2022.08.18"]
[WhiteClock "0:00:00"]
[BlackClock "0:00:00"]

1. e4 e5 2. Nf3 Nc6 3. Bc4 Bc5 4. O-O d6 5. h3 Nf6 6. Re1 O-O 7. c3 Bb6 8. d3 h6 9. Nbd2 Be6 10. a4 a5 11. Bb3 Bxb3 12. Qxb3 Nd7 13. Nf1 Nc5 14. Qc2 Ne6 15. Be3 Bxe3 16. Nxe3 Nf4 17. Rad1 Qf6 18. Nf5 Ne7 19. Nxe7+ Qxe7 20. d4 Qf6 21. Re3 Rfe8 22. Qb3 exd4 23. Nxd4 Qg6 24. Rg3 Qxe4 25. Kh2 Rab8 26. Qb5 Qe5 27. Nf5 Ng6 28. Rd5 Qf6 29. Qxa5 b6 30. Qb5 Re5 31. Rxe5 dxe5 32. Qd3 Rd8 33. Qe4 Kh8 34. Rf3 Qe6 35. g3 Rd2 36. b4 Qd7 37. Ne3 Kh7 38. Nc4 Rd5 39. Ne3 Rd2 40. h4 Kg8 41. h5 Nf8 42. Qxe5 Ne6 43. Nf5 f6 44. Qe4 Ng5 45. Qa8+ Kh7 46. Rf4 Rd1 47. Ne3 Re1 48. Qg2 Qd2 49. g4 1-0


[Site "https://www.chess.com"]

[Event "Titled Tuesday Blitz August 16 Early 2022"]
[White "Nathan, Nitish"]
[Black "Vagman, Roy"]
[WhiteFideId "30927870"]
[BlackFideId "2828995"]
[WhiteElo "1813"]
[BlackElo "1956"]
[Result "1-0"]
[Round "04"]
[TimeControl "180+2"]
[Date "2022.08.18"]
[WhiteClock "0:00:00"]
[BlackClock "0:00:00"]

1. d4 Nc6 2. Bf4 Nf6 3. c3 d6 4. e3 g6 5. Nf3 Bg7 6. h3 O-O 7. Nbd2 Re8 8. Be2 e5 9. Bh2 e4 10. Ng1 Ne7 11. c4 Nf5 12. Nb1 Nh4 13. Bf1 c5 14. Ne2 Qb6 15. Nbc3 Bxh3 16. Rg1 Bg4 17. Qb3 Qxb3 18. axb3 cxd4 19. Nxd4 Nd7 20. Bxd6 Rad8 21. Bc7 Rc8 22. Ncb5 Ne5 23. Nd6 Rxc7 24. Nxe8 Rd7 25. Nxg7 Kxg7 26. Be2 Bxe2 27. Kxe2 Nd3 28. Rxa7 Nxb2 29. g3 Nf5 30. Nxf5+ gxf5 31. g4 Kf6 32. gxf5 Kxf5 33. Ra5+ Kf6 34. Rh5 Rd3 35. Rxh7 Rxb3 36. Rb1 Rb4 37. Rh4 Ke5 38. Rh5+ f5 39. f4+ exf3+ 40. Kxf3 Nd3 41. Rxb4 Nxb4 42. e4 Kd4 43. exf5 Nc6 44. f6 Nd8 45. Rd5+ Kxc4 46. Rxd8 b5 47. f7 b4 48. f8=Q b3 49. Qf7+ Kc3 50. Rc8+ Kb2 51. Rb8 Ka2 52. Qxb3+ Ka1 53. Qb1# 1-0


[Site "https://www.chess.com"]

[Event "Titled Tuesday Blitz August 16 Early 2022"]
[White "Nazari, Arad"]
[Black "Martinez Alcantara, Jose Eduardo"]
[WhiteFideId "12577324"]
[BlackFideId "3805662"]
[WhiteElo "2129"]
[BlackElo "2703"]
[Result "1/2-1/2"]
[Round "04"]
[TimeControl "180+1"]
[Date "2022.08.16"]
[WhiteClock "0:00:10"]
[BlackClock "0:00:15"]

1. e4 e5 2. Nf3 Nf6 3. Nc3 Nc6 4. d4 exd4 5. Nxd4 Bb4 6. Nxc6 bxc6 7. Bd3 O-O 8. O-O Re8 9. Bg5 h6 10. Bh4 Be7 11. f4 Nxe4 12. Bxe7 Nxc3 13. Bxd8 Nxd1 14. Bxc7 Nxb2 15. Rfe1 Bb7 16. Rxe8+ Rxe8 17. Rb1 Nxd3 18. cxd3 Ba6 19. Rb8 Bc8 20. Bd6 f5 21. Ra8 a6 22. Kf2 Kf7 23. a4 Ke6 24. Bc7 d6 25. a5 c5 26. Bb6 Kd7 27. Ra7+ Kc6 28. Rxg7 Be6 29. Rh7 Bb3 30. Rxh6 Bc2 31. Rh3 d5 32. Re3 Rh8 33. h3 Kb5 34. g4 fxg4 35. hxg4 Rc8 36. Ke2 Rg8 37. Rg3 c4 38. dxc4+ dxc4 39. Kf2 Bd3 40. f5 Kc6 41. Bd4 Kd5 42. Bc3 Rb8 43. f6 Bg6 44. Re3 Rb3 45. Re5+ Kd6 46. Re3 Kd5 47. Re5+ Kd6 48. Re3 Kd5 1/2-1/2


[Site "https://www.chess.com"]

[Event "Titled Tuesday Blitz August 16 Early 2022"]
[White "Nemurov, Aleksandr"]
[Black "Shukhman, Anna"]
[WhiteFideId "4194187"]
[BlackFideId "54180058"]
[WhiteElo "2190"]
[BlackElo "1726"]
[Result "0-1"]
[Round "04"]
[TimeControl "180+2"]
[Date "2022.08.18"]
[WhiteClock "0:00:00"]
[BlackClock "0:00:00"]

1. b3 e5 2. Bb2 Nc6 3. e3 Nf6 4. Bb5 Bd6 5. Na3 a6 6. Bxc6 dxc6 7. Nc4 Qe7 8. Nxd6+ cxd6 9. d3 O-O 10. h3 e4 11. Bxf6 Qxf6 12. dxe4 Qc3+ 13. Kf1 f5 14. exf5 Bxf5 15. Rc1 Rae8 16. Ne2 Qf6 17. Qd4 Re5 18. Nf4 g5 19. Nh5 Bd3+ 20. Kg1 Qxf2+ 21. Kh2 Be4 22. Rhg1 Rf3 23. Nf6+ Kh8 24. Nxe4 Rxh3+ 25. Kxh3 Qh4# 0-1


[Site "https://www.chess.com"]

[Event "Titled Tuesday Blitz August 16 Early 2022"]
[White "Nunez V, Gustavo Eduardo"]
[Black "Sultana, Sharmin Shirin"]
[WhiteFideId "4403690"]
[BlackFideId "10204482"]
[WhiteElo "2228"]
[BlackElo "1987"]
[Result "0-1"]
[Round "04"]
[TimeControl "180+2"]
[Date "2022.08.18"]
[WhiteClock "0:00:00"]
[BlackClock "0:00:00"]

1. e4 e5 2. Nf3 Nf6 3. d4 Nxe4 4. Bd3 d5 5. Nxe5 Bb4+ 6. c3 Be7 7. O-O O-O 8. Re1 Bf5 9. c4 c6 10. cxd5 cxd5 11. Nc3 Nxc3 12. bxc3 Bxd3 13. Qxd3 Nc6 14. Nxc6 bxc6 15. Bf4 Re8 16. Rab1 Qd7 17. Qg3 Bf6 18. Rxe8+ Rxe8 19. Rb8 Rxb8 20. Bxb8 Qf5 21. h4 h5 22. Kh2 Qe4 23. Qf4 Qc2 24. Bxa7 Qxa2 25. Bc5 Qc2 26. Qg3 Qe4 27. Kh3 Kh7 28. f3 Qf5+ 29. Kh2 Qd3 30. f4 Qf5 31. Bd6 Bd8 32. Bf8 g6 33. Bd6 Qf6 34. Be5 Qxh4+ 35. Qxh4 Bxh4 36. Kh3 Be1 37. g4 hxg4+ 38. Kxg4 Bxc3 39. Kg5 Kg8 40. Kf6 Kf8 41. Bd6+ Ke8 42. Be5 Bb4 43. Kg7 Be7 44. Bf6 Bf8+ 45. Kg8 c5 46. dxc5 Bxc5 47. Be5 Be3 48. Kg7 d4 49. Kf6 d3 50. f5 gxf5 51. Bc3 f4 52. Kf5 f3 53. Ke4 f2 54. Kxd3 f1=Q+ 55. Kxe3 Qc1+ 56. Bd2 Qc5+ 57. Ke4 f5+ 58. Kd3 Qd5+ 59. Ke2 Qe4+ 60. Be3 f4 61. Kf1 Qxe3 62. Kg2 f3+ 63. Kh1 f2 64. Kg2 Qe2 65. Kh2 f1=Q+ 66. Kg3 Qff3+ 67. Kh4 Qee4+ 68. Kg5 Qff5+ 69. Kh6 Qee6+ 70. Kg7 Qff7+ 71. Kh8 Qh6# 0-1


[Site "https://www.chess.com"]

[Event "Titled Tuesday Blitz August 16 Early 2022"]
[White "Omelja, Artem"]
[Black "Pourkashiyan, Atousa"]
[WhiteFideId "14119846"]
[BlackFideId "12502014"]
[WhiteElo "2382"]
[BlackElo "2247"]
[Result "1-0"]
[Round "04"]
[TimeControl "180+2"]
[Date "2022.08.18"]
[WhiteClock "0:00:00"]
[BlackClock "0:00:00"]

1. d4 Nf6 2. c4 e6 3. Nf3 Bb4+ 4. Bd2 Bxd2+ 5. Qxd2 O-O 6. Nc3 d5 7. e3 Nbd7 8. cxd5 exd5 9. Bd3 c6 10. O-O Re8 11. Qc2 Nf8 12. b4 a6 13. a4 Ng6 14. b5 axb5 15. axb5 Rxa1 16. Rxa1 Bg4 17. Nd2 Nh4 18. h3 Bd7 19. bxc6 bxc6 20. Ra7 Qc8 21. Ne2 Bxh3 22. gxh3 Qxh3 23. Nf4 Qg4+ 24. Kf1 g5 25. Be2 Qc8 26. Nd3 Qh3+ 27. Ke1 Ng2+ 28. Kd1 Rxe3 29. Qxc6 Re6 30. Qc8+ Kg7 31. Ne5 Qh1+ 32. Nf1 Rxe5 33. dxe5 Ne4 34. Qf5 Nc3+ 35. Kc2 1-0


[Site "https://www.chess.com"]

[Event "Titled Tuesday Blitz August 16 Early 2022"]
[White "Ozates, Tuna"]
[Black "Harshavardhan G B"]
[WhiteFideId "6354521"]
[BlackFideId "25059009"]
[WhiteElo "1887"]
[BlackElo "1890"]
[Result "0-1"]
[Round "04"]
[TimeControl "180+2"]
[Date "2022.08.18"]
[WhiteClock "0:00:00"]
[BlackClock "0:00:00"]

1. e4 e5 2. Nf3 Nc6 3. Bc4 Nf6 4. d3 Be7 5. O-O O-O 6. Bb3 d6 7. c3 Kh8 8. Ng5 Qe8 9. f4 exf4 10. Bxf4 h6 11. Nf3 Be6 12. Bc2 d5 13. e5 Nh5 14. Be3 f6 15. d4 Bg4 16. Qd3 f5 17. Ne1 Qg6 18. Nd2 Bg5 19. Bxg5 Qxg5 20. h3 Nf4 21. Rxf4 Qxf4 22. hxg4 Qxg4 23. Nef3 Ne7 24. Kf2 c6 25. Rh1 Kg8 26. Rh3 Qg6 27. Rg3 Qe6 28. Rh3 Rf7 29. a4 g5 30. Rh1 Raf8 31. a5 a6 32. Nb3 Kg7 33. Nc5 Qc8 34. e6 Rf6 35. Nd7 Rxe6 36. Nxf8 Qxf8 37. Ne5 Qf6 38. Re1 g4 39. Nd7 Qh4+ 0-1


[Site "https://www.chess.com"]

[Event "Titled Tuesday Blitz August 16 Early 2022"]
[White "Pakleza, Zbigniew"]
[Black "Ezat, Mohamed"]
[WhiteFideId "1119290"]
[BlackFideId "10600906"]
[WhiteElo "2411"]
[BlackElo "2386"]
[Result "0-1"]
[Round "04"]
[TimeControl "180+1"]
[Date "2022.08.16"]
[WhiteClock "0:00:02"]
[BlackClock "0:00:21"]

1. d4 Nf6 2. Nf3 g6 3. Bf4 Bg7 4. e3 O-O 5. Be2 d6 6. h3 Nfd7 7. Bh2 e5 8. O-O Nc6 9. c4 Kh8 10. Nc3 f5 11. Rc1 g5 12. dxe5 Ndxe5 13. Nd4 f4 14. Nxc6 bxc6 15. exf4 gxf4 16. f3 Qg5 17. Kh1 Bf5 18. Qd2 Bh6 19. Rfe1 Rg8 20. Bf1 Rae8 21. c5 Rg6 22. cxd6 cxd6 23. Ne4 Bxe4 24. Rxe4 Rf8 25. b4 Qh4 26. Qe1 Qh5 27. Rc3 Qf5 28. Ra3 Rg7 29. Qf2 Rfg8 30. Rxa7 Rg6 31. a4 d5 32. Rd4 Qb1 33. Bg1 Rg3 34. Qe2 Nxf3 35. Rd1 Rxh3+ 36. gxh3 Rxg1# 0-1


[Site "https://www.chess.com"]

[Event "Titled Tuesday Blitz August 16 Early 2022"]
[White "Paravyan, David"]
[Black "Bilych, Olexiy"]
[WhiteFideId "4194985"]
[BlackFideId "14156504"]
[WhiteElo "2569"]
[BlackElo "2157"]
[Result "0-1"]
[Round "04"]
[TimeControl "180+1"]
[Date "2022.08.16"]
[WhiteClock "0:00:06"]
[BlackClock "0:00:12"]

1. e4 e5 2. Nf3 Nc6 3. Nc3 Nf6 4. d4 exd4 5. Nxd4 Bb4 6. Nxc6 bxc6 7. Bd3 d5 8. exd5 O-O 9. O-O cxd5 10. Bg5 c6 11. Qf3 Rb8 12. h3 Bd6 13. b3 h6 14. Bf4 Rb4 15. Ne2 Bxf4 16. Nxf4 Ne4 17. Rad1 Nc3 18. a3 Rxf4 19. Qxf4 Nxd1 20. Rxd1 Qe7 21. b4 Re8 22. Kh2 Qe5 23. Qxe5 Rxe5 24. Kg3 Kf8 25. f4 Re8 26. Kf2 h5 27. a4 h4 28. a5 g6 29. Ra1 Bf5 30. Ra3 Bxd3 31. cxd3 Ke7 32. Ra1 Kd6 33. Kf3 f5 34. d4 Re4 35. Rd1 Kc7 36. Rd3 Kb7 37. g3 hxg3 38. Kxg3 Ka6 39. Kh4 Rxf4+ 40. Kg5 Rf1 41. Kxg6 f4 42. Kf5 Kb5 43. h4 f3 44. Rc3 f2 45. Rc2 Kxb4 46. a6 Kb5 47. h5 Rh1 48. Rxf2 Rxh5+ 49. Ke6 Rh6+ 50. Kd7 c5 51. dxc5 Kxc5 52. Rc2+ Kb5 53. Rb2+ Kc4 54. Rc2+ Kd3 55. Rc7 Rxa6 56. Kc8 d4 57. Kb7 Ra4 58. Rh7 Kc3 59. Rh4 Rb4+ 60. Kc6 d3 61. Rh3 Rd4 62. Kc5 Rd8 63. Rg3 Kc2 64. Kb5 d2 0-1


[Site "https://www.chess.com"]

[Event "Titled Tuesday Blitz August 16 Early 2022"]
[White "Popilski, Gil"]
[Black "Chigaev, Maksim"]
[WhiteFideId "2809060"]
[BlackFideId "4108116"]
[WhiteElo "2537"]
[BlackElo "2487"]
[Result "0-1"]
[Round "04"]
[TimeControl "180+1"]
[Date "2022.08.16"]
[WhiteClock "0:00:01"]
[BlackClock "0:00:11"]

1. e4 c5 2. Nf3 d6 3. d4 cxd4 4. Nxd4 Nf6 5. Nc3 a6 6. Bd3 e5 7. Nde2 Be7 8. O-O Be6 9. f4 exf4 10. Nxf4 Nc6 11. Ncd5 Bxd5 12. Nxd5 Nxd5 13. exd5 Ne5 14. Bf4 Bf6 15. Kh1 O-O 16. c3 g6 17. a4 Bg7 18. a5 Rc8 19. Be2 Rc5 20. Qb3 Qd7 21. Be3 Rcc8 22. Ra4 Rfe8 23. Rb4 Rc7 24. Bb6 Rcc8 25. Bg1 Re7 26. Rb6 f5 27. Qb4 Nf7 28. Bd1 Rc7 29. Ba4 Qd8 30. Qh4 Be5 31. c4 Kg7 32. b4 Bf6 33. Bd4 Ne5 34. Qf2 Rxc4 35. b5 Rxa4 36. bxa6 bxa6 37. g4 Nxg4 38. Bxf6+ Nxf6 39. Qg3 Qa8 40. Rxf5 Nxd5 0-1


[Site "https://www.chess.com"]

[Event "Titled Tuesday Blitz August 16 Early 2022"]
[White "Postnikov, Daniil"]
[Black "Mitrabha, Guha"]
[WhiteFideId "4166329"]
[BlackFideId "5057000"]
[WhiteElo "2261"]
[BlackElo "2499"]
[Result "0-1"]
[Round "04"]
[TimeControl "180+2"]
[Date "2022.08.18"]
[WhiteClock "0:00:00"]
[BlackClock "0:00:00"]

1. d4 Nf6 2. c4 e6 3. Nc3 Bb4 4. Qc2 O-O 5. Nf3 b6 6. g3 Bb7 7. Bg2 d6 8. O-O Nbd7 9. a3 Bxc3 10. Qxc3 a5 11. b3 Be4 12. Rd1 a4 13. b4 c6 14. Bf1 d5 15. Nd2 Bg6 16. Bb2 b5 17. c5 Re8 18. Nf3 Ne4 19. Qc1 Bh5 20. Bg2 Qf6 21. Rf1 h6 22. Qe3 Qd8 23. Rad1 Qc7 24. Ne5 Nxe5 25. dxe5 Ng5 26. f3 Nh7 27. Bd4 Bg6 28. Qd2 f6 29. Qc3 f5 30. f4 Bh5 31. Rd2 g5 32. e3 Qg7 33. Kf2 Nf8 34. Rg1 Ng6 35. Bf3 Bxf3 36. Kxf3 Kh7 37. Rdg2 Rg8 38. Ke2 Qf7 39. Qe1 Kg7 40. Qf2 Kf8 41. Kd2 Ke7 42. Kc3 Rg7 43. Qe2 Rag8 44. Qh5 Rh7 45. g4 fxg4 46. Rxg4 Nxe5 47. Qxf7+ Nxf7 48. h4 h5 49. Rxg5 Nxg5 50. fxg5 Rf7 51. Be5 Rf5 52. Kd4 Kf7 53. Rg2 Kg6 54. Bf6 e5+ 55. Bxe5 Re8 56. Bf4 Re4+ 57. Kd3 Rf8 58. Rf2 Rc4 59. Rf3 Rf7 60. Rf2 Rc1 61. Ra2 Rb1 62. Kd4 Re7 63. Kd3 Rb3+ 64. Ke2 d4 65. Kf3 dxe3 66. Re2 Rxa3 67. Bxe3 Raxe3+ 68. Rxe3 Rxe3+ 69. Kxe3 a3 70. Kd3 a2 71. Kc2 a1=Q 0-1


[Site "https://www.chess.com"]

[Event "Titled Tuesday Blitz August 16 Early 2022"]
[White "Proudian, Armen"]
[Black "Orzech, Dominik"]
[WhiteFideId "2130734"]
[BlackFideId "1115065"]
[WhiteElo "2380"]
[BlackElo "2272"]
[Result "1-0"]
[Round "04"]
[TimeControl "180+2"]
[Date "2022.08.18"]
[WhiteClock "0:00:00"]
[BlackClock "0:00:00"]

1. e4 e6 2. d4 d5 3. exd5 exd5 4. Bd3 Nc6 5. c3 Bd6 6. Qf3 Nge7 7. Ne2 h5 8. h3 Be6 9. Bf4 Qd7 10. Nd2 O-O-O 11. O-O Nf5 12. Bxf5 Bxf5 13. Bxd6 cxd6 14. Qxd5 Ne7 15. Qf3 Ng6 16. Nf4 Nh4 17. Qg3 g5 18. Qxg5 Nxg2 19. Kh2 Rdg8 20. Qxg2 Rxg2+ 21. Nxg2 Bxh3 22. Rg1 Rg8 23. Ne3 Re8 24. Rg5 Bg4 25. Ndc4 f6 26. Rd5 Kc7 27. Nxd6 Rxe3 28. Nb5+ Qxb5 29. Rxb5 Re2 30. Kg3 f5 31. f3 Re3 32. Rf1 a6 33. Rc5+ Kd6 34. Kf4 1-0


[Site "https://www.chess.com"]

[Event "Titled Tuesday Blitz August 16 Early 2022"]
[White "Prydun, Andriy"]
[Black "Perez Gormaz, Matias"]
[WhiteFideId "14145898"]
[BlackFideId "3406342"]
[WhiteElo "2163"]
[BlackElo "2341"]
[Result "0-1"]
[Round "04"]
[TimeControl "180+2"]
[Date "2022.08.18"]
[WhiteClock "0:00:00"]
[BlackClock "0:00:00"]

1. e4 c5 2. Nf3 e6 3. c3 d5 4. exd5 exd5 5. d4 Nc6 6. h3 Nf6 7. Bd3 cxd4 8. cxd4 Bd6 9. O-O O-O 10. Bg5 h6 11. Bh4 Nb4 12. Nc3 Nxd3 13. Qxd3 Be6 14. Ne5 Be7 15. Rfe1 Re8 16. Rac1 Rc8 17. Qb5 Qb6 18. Qxb6 axb6 19. Nb5 g5 20. Bg3 Bb4 21. Red1 Bf5 22. a3 Bf8 23. f3 Nh5 24. Bh2 Nf4 25. Bxf4 gxf4 26. Nc3 Be6 27. Ne2 f6 28. Nd3 Bd6 29. Ndxf4 Bf7 30. Kf2 b5 31. Nd3 Rc4 32. b3 Rxc1 33. Rxc1 Ra8 34. Ra1 Rc8 35. Nc5 b6 36. Nd3 Rc2 37. Ke3 Bg6 38. Nb4 Rb2 39. Nxd5 Rxb3+ 40. Kf2 Kf7 41. Ndc3 Bd3 42. a4 b4 43. Ne4 Be7 44. Nf4 Rb2+ 45. Ke3 Bc4 46. d5 f5 47. d6 fxe4 48. dxe7 exf3 49. Kxf3 Kxe7 50. Re1+ Kd6 51. Re4 Kc5 52. Re5+ Kd4 53. Re4+ Kc5 54. Re3 Ra2 55. Ng6 b3 56. Ne5 Bd5+ 57. Kf4 Rf2+ 58. Kg3 Rxg2+ 59. Kh4 b2 60. Kh5 b1=Q 0-1


[Site "https://www.chess.com"]

[Event "Titled Tuesday Blitz August 16 Early 2022"]
[White "Przybylski, Wojciech"]
[Black "Bachmann, Axel"]
[WhiteFideId "1117599"]
[BlackFideId "3700488"]
[WhiteElo "2133"]
[BlackElo "2595"]
[Result "0-1"]
[Round "04"]
[TimeControl "180+2"]
[Date "2022.08.18"]
[WhiteClock "0:00:00"]
[BlackClock "0:00:00"]

1. e4 d6 2. d4 Nf6 3. Nc3 g6 4. Nf3 c6 5. a4 Bg7 6. Be2 O-O 7. O-O Qa5 8. Bd2 Bg4 9. h3 Bxf3 10. Bxf3 Nbd7 11. Ne2 Qc7 12. a5 e5 13. c3 Rfe8 14. Ng3 Rad8 15. Re1 d5 16. Qa4 exd4 17. cxd4 dxe4 18. Nxe4 Nxe4 19. Bxe4 Nc5 20. dxc5 Rxd2 21. Bf3 Rxe1+ 22. Rxe1 Bd4 23. Re8+ Kg7 24. Re2 Qf4 25. Re4 Bxf2+ 26. Kh1 Qf6 27. Rf4 Qxb2 28. Kh2 Qc1 29. Rxf7+ Kxf7 30. Qf4+ Ke6 31. Bg4+ Kd5 32. Bf3+ Kxc5 33. Qe5+ Kb4 34. Qf4+ Ka3 35. Qf8+ c5 36. h4 Rd4 37. Qe7 Qg1+ 0-1


[Site "https://www.chess.com"]

[Event "Titled Tuesday Blitz August 16 Early 2022"]
[White "Qashashvili, Alexandre"]
[Black "Lehtosaari, Mauri"]
[WhiteFideId "13600842"]
[BlackFideId "501999"]
[WhiteElo "2316"]
[BlackElo "2200"]
[Result "1/2-1/2"]
[Round "04"]
[TimeControl "180+2"]
[Date "2022.08.18"]
[WhiteClock "0:00:00"]
[BlackClock "0:00:00"]

1. e4 d5 2. exd5 Qxd5 3. Nc3 Qe5+ 4. Be2 c6 5. Nf3 Qc7 6. d3 Bg4 7. h3 Bh5 8. Be3 e6 9. Nd4 Bxe2 10. Qxe2 Be7 11. O-O Nf6 12. Ne4 Nbd7 13. Nxf6+ Nxf6 14. c3 O-O 15. Bg5 Rad8 16. Rae1 Nd5 17. Bxe7 Qxe7 18. g3 Qf6 19. Nf3 h6 20. d4 a5 21. Qe5 Qg6 22. Qe4 Qxe4 23. Rxe4 Rfe8 24. Rfe1 Nb6 25. Ne5 Na4 26. R4e2 c5 27. dxc5 Nxc5 28. Kg2 Rd5 29. Nc4 a4 30. Rd2 Rxd2 31. Nxd2 Rd8 32. Ne4 Nd3 33. Re2 a3 34. bxa3 Ra8 35. Rd2 Ne5 36. f4 Nc4 37. Rd7 Rxa3 38. Rxb7 Rxa2+ 39. Kf3 Ra3 40. Rc7 Nb6 41. Nd6 Nd5 42. Rc8+ Kh7 43. Nxf7 Rxc3+ 44. Rxc3 Nxc3 45. Nd8 Nb5 46. Nxe6 Nd6 47. g4 Kg6 48. Nd4 Kf6 49. Ne2 Nc4 50. Ng3 Nd2+ 51. Ke3 Nb3 52. Ke4 Kf7 53. Nf5 Nd2+ 54. Ke3 Nc4+ 55. Kd4 Nd2 56. Ke3 Nc4+ 57. Kf2 Nb2 58. Ne3 Nd3+ 59. Kf3 Ne1+ 60. Kf2 Nd3+ 61. Kg3 Nb4 62. Nf5 Nc2 63. Nd6+ Ke6 64. Ne4 Kd5 65. Nf2 Ke6 66. Kh4 Kf7 67. Kh5 Ne3 68. Kh4 Ng2+ 69. Kg3 Ne3 70. g5 hxg5 71. fxg5 Nf5+ 72. Kg4 Nd4 73. Ne4 g6 74. h4 Nb3 75. Kf4 Nd4 76. Ke5 Nf3+ 77. Kf4 Nxh4 78. Ng3 Ng2+ 79. Kg4 Ne3+ 80. Kf4 Nc4 81. Nf5 gxf5 82. Kxf5 Kg7 83. g6 Nd6+ 84. Ke5 Nc8 85. Ke6 Kxg6 1/2-1/2


[Site "https://www.chess.com"]

[Event "Titled Tuesday Blitz August 16 Early 2022"]
[White "Quispe Santacruz, Javier"]
[Black "Issabayev, Dias"]
[WhiteFideId "3800920"]
[BlackFideId "13703110"]
[WhiteElo "1929"]
[BlackElo "2291"]
[Result "0-1"]
[Round "04"]
[TimeControl "180+2"]
[Date "2022.08.18"]
[WhiteClock "0:00:00"]
[BlackClock "0:00:00"]

1. d4 d5 2. c4 c6 3. Nf3 Nf6 4. Nc3 e6 5. e3 Nbd7 6. Qc2 a6 7. Bd3 dxc4 8. Bxc4 b5 9. Bd3 c5 10. O-O Bb7 11. Rd1 Qb6 12. a3 Rc8 13. dxc5 Nxc5 14. Be2 Be7 15. Bd2 O-O 16. Rac1 Nce4 17. Be1 Nxc3 18. Bxc3 Nd5 19. Qb1 Nxc3 20. Rxc3 Rxc3 21. bxc3 Qc7 22. h3 g6 23. a4 bxa4 24. Qa1 a3 25. Nd4 Rc8 26. Rc1 Bf8 27. c4 Qa5 28. Qa2 Qg5 29. Bf1 e5 30. Nc2 Qe7 31. Rb1 Be4 32. Rb3 Bxc2 33. Qxc2 Rd8 34. Rb6 a5 35. Be2 Qc7 36. Rb5 Bb4 37. Bf3 Rd2 38. Qa4 a2 0-1


[Site "https://www.chess.com"]

[Event "Titled Tuesday Blitz August 16 Early 2022"]
[White "Rangel, Daniel"]
[Black "Kovacevic, Radmila"]
[WhiteFideId "2124475"]
[BlackFideId "933171"]
[WhiteElo "2225"]
[BlackElo "2157"]
[Result "0-1"]
[Round "04"]
[TimeControl "180+2"]
[Date "2022.08.18"]
[WhiteClock "0:00:00"]
[BlackClock "0:00:00"]

1. d4 e5 2. dxe5 Nc6 3. Nf3 Qe7 4. Qd5 f6 5. exf6 Nxf6 6. Qd1 d5 7. Bf4 Bg4 8. e3 O-O-O 9. Be2 d4 10. Nxd4 Nxd4 11. Bxg4+ Kb8 12. O-O Nb3 13. axb3 Rxd1 14. Bxd1 Nd5 15. Bg3 h5 16. h3 Qf6 17. Bf3 Nb4 18. Nc3 g5 19. Nb5 Bd6 20. Nxd6 cxd6 21. c3 Nc6 22. Rfd1 Ne5 23. Bd5 h4 24. Bh2 Rf8 25. Rd2 g4 26. hxg4 Nxg4 27. Bf3 Ne5 28. Be4 h3 29. g4 Qg5 30. f3 Qxe3+ 31. Rf2 Rxf3 32. Bxf3 Nxf3+ 33. Kf1 Qd3+ 34. Re2 Nxh2+ 35. Kf2 Nxg4+ 36. Ke1 Ne3 37. Kf2 Ng4+ 38. Ke1 h2 39. Re8+ Kc7 40. Rd8 h1=Q# 0-1


[Site "https://www.chess.com"]

[Event "Titled Tuesday Blitz August 16 Early 2022"]
[White "Reprintsev, Alexander"]
[Black "Agasarov, Benik"]
[WhiteFideId "14100541"]
[BlackFideId "13314823"]
[WhiteElo "2108"]
[BlackElo "2152"]
[Result "1/2-1/2"]
[Round "04"]
[TimeControl "180+2"]
[Date "2022.08.18"]
[WhiteClock "0:00:00"]
[BlackClock "0:00:00"]

1. e4 c6 2. Nc3 d5 3. Nf3 Bg4 4. h3 Bxf3 5. Qxf3 e6 6. b3 d4 7. Ne2 c5 8. Nf4 Nc6 9. Bb5 Qb6 10. c4 a6 11. Ba4 Ne7 12. O-O Qc7 13. d3 Ng6 14. Nxg6 hxg6 15. a3 Bd6 16. Re1 O-O 17. Bxc6 Qxc6 18. e5 Qxf3 19. gxf3 Bc7 20. f4 b5 21. b4 Rfc8 22. Bd2 Bd8 23. Rec1 Be7 24. bxc5 Bxc5 25. Bb4 Bf8 26. cxb5 axb5 27. Rxc8 Rxc8 28. Rb1 Bxb4 29. Rxb4 Rc3 30. Rxd4 Rxa3 31. Kf1 Ra4 32. Rd8+ Kh7 33. Rb8 Rxf4 34. Rxb5 Rf3 35. Ke2 Rxh3 36. Rb7 Kg8 37. Rb8+ Kh7 38. Rb7 Rh5 39. Rxf7 Rxe5+ 40. Kf1 Rf5 41. Re7 e5 42. Ke2 g5 43. Re6 g6 44. Ke3 g4 45. Ra6 Kh6 46. Ke2 Kg5 47. Ra4 Rf4 48. Ra5 Kf5 49. Ra8 Rb4 50. Rf8+ Kg5 51. Re8 e4 52. dxe4 Kf4 53. Kd3 Rb3+ 54. Kd4 Rb4+ 55. Kd3 Rb3+ 56. Kd4 Rb4+ 57. Kd3 1/2-1/2


[Site "https://www.chess.com"]

[Event "Titled Tuesday Blitz August 16 Early 2022"]
[White "Ronka, Erik"]
[Black "Zherebtsova, Alexandra"]
[WhiteFideId "505080"]
[BlackFideId "24129518"]
[WhiteElo "2264"]
[BlackElo "2025"]
[Result "1-0"]
[Round "04"]
[TimeControl "180+2"]
[Date "2022.08.18"]
[WhiteClock "0:00:00"]
[BlackClock "0:00:00"]

1. e4 e5 2. Nc3 Nc6 3. Bc4 Nf6 4. d3 Na5 5. Bb3 Nxb3 6. axb3 d6 7. f4 c6 8. Nf3 Qc7 9. O-O Be7 10. Kh1 Bd7 11. Qe2 a6 12. Bd2 h6 13. Be3 exf4 14. Bxf4 g5 15. Be3 Ng4 16. Bg1 O-O-O 17. Na4 c5 18. Nc3 Be6 19. d4 Rde8 20. b4 cxb4 21. Na4 Bc4 22. Qd2 Bxf1 23. Rxf1 Bd8 24. d5 Rxe4 25. Nd4 Rhe8 26. Nf5 Kb8 27. h3 Qd7 28. hxg4 Qxa4 29. Nxd6 Re2 30. Qd4 b6 31. Nxf7 Qb5 32. Nd6 R2e4 33. Nxe4 Qxf1 34. Nd2 Qe1 35. d6 Rf8 36. d7 Ka8 37. Qd5+ Ka7 38. Qd6 Qh4+ 39. Bh2 Qe1+ 40. Bg1 Qh4+ 41. Qh2 Qxh2+ 42. Kxh2 Rf4 43. Nf3 Rf7 44. Ne5 Rg7 45. Nc6+ 1-0


[Site "https://www.chess.com"]